 Dungeon Crawl Stone Soup version 0.24-a0-769-g368c1644f8 (webtiles) character file.

Game seed: 5943368241596976549, levelgen mode: deterministic

230 HumanIsDead the Chopper (level 6, 0/44 HPs)
             Began as a Human Gladiator on Oct 6, 2019.
             Slain by a gnoll
             ... wielding a +0 flail
              (6 damage)
             ... on level 3 of the Dungeon.
             The game lasted 00:06:16 (3463 turns).

HumanIsDead the Chopper (Human Gladiator)           Turns: 3463, Time: 00:06:16

Health: 0/44       AC:  7    Str: 16    XL:     6   Next: 24%
Magic:  6/6        EV: 12    Int:  9    God:
Gold:   166        SH:  0    Dex: 14    Spells: 5/5 levels left

rFire    . . .     SeeInvis .   a - +0 war axe
rCold    . . .     Gourm    .   (no shield)
rNeg     . . .     Faith    .   k - +0 ring mail
rPois    .         Spirit   .   c - +0 helmet
rElec    .         Reflect  .   (no cloak)
rCorr    .         Harm     .   (no gloves)
MR       .....                  y - +0 pair of boots
Stlth    +.........             (no amulet)
HPRegen  0.14/turn              (no ring)
MPRegen  0.10/turn              (no ring)

@: no status effects
A: no striking features
a: no special abilities


You were on level 3 of the Dungeon.
You were hungry.

You visited 1 branch of the dungeon, and saw 3 of its levels.

You collected 166 gold pieces.

Inventory:

Hand Weapons
 a - a +0 war axe (weapon)
Missiles
 d - 3 throwing nets (quivered)
Armour
 b - a +0 leather armour
 c - a +0 helmet (worn)
 k - a +0 ring mail (worn)
 y - a +0 pair of boots (worn)
Jewellery
 x - an uncursed amulet of rage {unknown}
Scrolls
 e - a scroll of immolation {unknown}
 g - 2 scrolls of fear {unknown}
 i - 4 scrolls of teleportation {unknown}
 m - 7 scrolls of identify {unknown}
 q - 3 scrolls of enchant weapon {unknown}
 r - a scroll of amnesia {unknown}
 s - 3 scrolls of fog {unknown}
 A - a scroll of magic mapping {unknown}
Potions
 h - a potion of haste {unknown}
 j - a potion of resistance
 l - a potion of agility
 n - a potion of invisibility {unknown}
 o - 2 potions of berserk rage {unknown}
 p - a potion of heal wounds {unknown}
 t - 2 potions of brilliance {unknown}
 u - a potion of curing {unknown}
 v - 2 potions of degeneration {unknown}
 w - 2 potions of might {unknown}
 z - a potion of mutation {unknown}
Comestibles
 f - 6 rations


   Skills:
 - Level 2.0 Fighting
 + Level 6.5 Axes
 - Level 2.0 Throwing
 - Level 3.0 Dodging


You had 5 spell levels left.
You didn't know any spells.
Your spell library was empty.

Dungeon Overview and Level Annotations

Branches:
Dungeon (3/15)

Altars:
Uskayaw
Yredelemnul


Message History

The gnoll is severely wounded.
The gnoll hits you with a +0 halberd.
* * * LOW HITPOINT WARNING * * *
You hit the gnoll but do no damage.
The gnoll is severely wounded.
The gnoll barely misses you.
You barely miss the gnoll.
The gnoll is severely wounded.
The gnoll hits you with a +0 halberd.
* * * LOW HITPOINT WARNING * * *
You hit the gnoll but do no damage.
The gnoll is severely wounded.
The gnoll barely misses you.
You hit the gnoll.
You kill the gnoll!
You hit the gnoll but do no damage. The gnoll barely misses you.
You closely miss the gnoll. The gnoll hits you with a +0 flail.
* * * LOW HITPOINT WARNING * * *
You hit the gnoll but do no damage. The gnoll hits you with a +0 flail.
You die...

##.#.#.#.#.#.#.#.#.#.#...........
..#'#รท#.#.#.#.#.#.#.#'...........
.....#.#.#.#.#.#.#.#.#...........
.....'#+#+#'#.#.#.#.#+...........
.....#.......#.#.#.#.#...........
.............#######.#...........
......g...g..# #.#.####'#####
......######.#######.#.# #......
......# #...g@....#.# #######
......# ########..#.# #+##(.#
#####.#.# #..# #.....#.# #....
#.###.#.# ####.# #)#.###### .#
#........# ###.####.# #.#


You could see a gnoll.

Vanquished Creatures
  An orc priest (D:3)
  Robin (D:2)
  3 gnolls (D:3)
  7 adders
  2 worms (D:2)
  2 dart slugs
  A leopard gecko (D:2)
  8 orcs
  A ball python (D:3)
  11 goblins
  10 hobgoblins
  7 jackals
  7 bats
  6 frilled lizards
  2 giant cockroaches (D:1)
  7 kobolds
  9 rats
85 creatures vanquished.

Notes
Turn   | Place    | Note
-------+----------+-------------------------------------------
     0 | D:1      | HumanIsDead the Human Gladiator began the quest for the
                  | Orb.
     0 | D:1      | Reached XP level 1. HP: 16/16 MP: 1/1
   267 | D:1      | Reached XP level 2. HP: 20/22 MP: 2/2
   640 | D:1      | Reached skill level 4 in Axes
   640 | D:1      | Reached XP level 3. HP: 27/27 MP: 3/3
  1202 | D:2      | Reached XP level 4. HP: 33/33 MP: 4/4
  1251 | D:2      | Noticed Robin
  1713 | D:3      | Reached skill level 5 in Axes
  1860 | D:2      | Killed Robin
  1860 | D:2      | Reached XP level 5. HP: 35/38 MP: 5/5
  1869 | D:2      | Found a hide-covered altar of Uskayaw.
  2023 | D:2      | Found a faded altar of an unknown god.
  2863 | D:3      | Reached skill level 6 in Axes
  2931 | D:3      | Found a basalt altar of Yredelemnul.
  3007 | D:3      | Noticed an orc warrior
  3360 | D:3      | Reached XP level 6. HP: 44/44 MP: 6/6
  3463 | D:3      | Slain by a gnoll

Levels and vault maps discovered:
D:1:      giann_wishing_wells, layout_loops_ring
D:2:      layout_basic, eat_drink_and_be_merry_uskayaw,
          chequers_ecumenical_altar_simple_redux, first_ration, uniq_robin
D:3:      layout_basic, lemuel_round_altar, nrook_mini_backslash,
          nrook_loot_triangle, roderic_filled_cross

Skill      XL: |  1  2  3  4  5 |
---------------+----------------+-----
Axes           | 4 5 6 |  6.5
Fighting       | |  2.0
Throwing       | |  2.0
Dodging        | |  3.0

Action                   |  1- 3 |  4- 6 || total
-------------------------+-------+-------++-------
Melee: War axe           |   114 |   182 ||   296
  Use: Potion            |       |     2 ||     2
 Stab: Sleeping          |     1 |       ||     1
  Eat: Chunk             |     1 |     7 ||     8
Armor: Leather armour    |     8 |       ||     8
       Ring mail         |    45 |    79 ||   124
Dodge: Dodged            |    95 |   154 ||   249

Table legend:
 A = Non-vault XP
 B = Vault XP
 C = Vault XP percentage of total XP
 D = Non-vault monster count
 E = Vault monster count
 F = Vault count percentage of total count
                 A         B        C        D         E       F
            +---------+---------+-------+---------+---------+-------
      Total |     294 |      35 |  10.6 |      73 |      12 |  14.1
            +---------+---------+-------+---------+---------+-------
        D:1 |      36 |       0 |   0.0 |      23 |       0 |   0.0
        D:2 |      83 |      24 |  22.4 |      21 |       6 |  22.2
        D:3 |     175 |      11 |   5.9 |      29 |       6 |  17.1
            +---------+---------+-------+---------+---------+-------
